 Dungeon Crawl Stone Soup version 0.31-a0-700-gf13585253f (webtiles) character file.

Game seed: 9849241915360505186

186 qw the Shooter (level 5, 0/32 HPs)
             Began as a Gargoyle Hunter on Sept 7, 2023.
             Killed by divine providence
             ... invoked by an orc priest
              (16 damage)
             ... on level 4 of the Dungeon.
             The game lasted 00:01:10 (2183 turns).

qw the Shooter (Gargoyle Hunter)                    Turns: 2183, Time: 00:01:10

Health: 0/32       AC: 12    Str: 15    XL:     5   Next: 66%
Magic:  5/5        EV: 11    Int:  9    God:
Gold:   37         SH:  0    Dex: 15    Spells: 4/4 levels left

rFire   . . .        Y - +0 arbalest
rCold   . . .        (shield currently unavailable)
rNeg    + . .        b - +0 ring mail
rPois   inf          c - +2 helmet
rElec   +            (no cloak)
rCorr   .            (no gloves)
SInv    .            (no boots)
Will    .....        g - amulet of faith
Stlth   +            (no ring)
HPRegen 0.25/turn    (no ring)
MPRegen 0.09/turn

%: faith
@: no status effects
A: sickness immunity, AC +4, negative energy resistance 1, electricity
resistance, torment resistance 1, petrification resistance
a: no special abilities


You were on level 4 of the Dungeon.
You visited 1 branch of the dungeon, and saw 4 of its levels.

You collected 117 gold pieces.
You spent 80 gold pieces at shops.


Innate Abilities, Weirdness & Mutations

You are immune to sickness and miasma.
Your stone body is resilient. (AC +4)
You are immune to poison.
You resist negative energy. (rN+)
You are resistant to electric shocks. (rElec)
You are resistant to unholy torment.
You are immune to petrification.


   Skills:
 + Level 3.4 Fighting
 - Level 6.1 Ranged Weapons
 - Level 1.0 Armour
 - Level 1.5 Dodging
 - Level 1.1 Stealth


You had 4 spell levels left.
You didn't know any spells.
Your spell library was empty.

Inventory:

Hand Weapons
 Y - a +0 arbalest (weapon)
Armour
 b - a +0 ring mail (worn)
 c - a +2 helmet (worn)
Jewellery
 g - an amulet of faith (around neck)
Scrolls
 i - a scroll of teleportation
 k - a scroll of identify
Potions
 a - a potion of cancellation
 d - a potion of attraction {unknown}
 e - a potion of haste {unknown}
 f - a potion of curing
 h - a potion of magic {unknown}
 l - a potion of might

Dungeon Overview and Level Annotations

Branches:
Dungeon (4/15)
 Temple: D:4-7

Altars:
Hepliaklqana

Shops:
D:2 (   D:3 *


Message History

An orc comes into view. It is wielding a +0 mace.
You shoot a bolt. The bolt barely misses the orc.
The orc shouts!
You hear a shout!
The orc throws a boomerang.
The boomerang closely misses you.
An orc comes into view. It is wielding a +0 falchion.
You shoot a bolt. The orc shouts!
The bolt hits the orc!!
You kill the orc!
You hear a shout!
An orc comes into view. It is wielding a +0 hand axe.
An orc comes into view. It is wielding a +0 dagger.
The orc throws a boomerang.
The boomerang closely misses you.
An orc priest comes into view. It is wielding a +0 hand axe.
You shoot a bolt. The bolt closely misses the orc.
The orc shouts!
The bolt hits the orc but does no damage.
The orc throws a boomerang.
The boomerang closely misses you. The orc hits you with a +0 mace.
The orc priest calls down the wrath of Beogh upon you.
Beogh smites you!
An orc comes into view. It is wielding a +0 club.
You shoot a bolt. The bolt closely misses the orc.
The orc shouts!
The bolt hits the orc!
The orc is almost dead.
The orc barely misses you. x2; The orc hits you with a +0 mace.
The orc priest looks satisfied for a moment.
You shoot a bolt. The bolt hits the orc.
You kill the orc!
The orc closely misses you.
You shoot a bolt. The bolt barely misses the orc.
The bolt hits the orc.
The orc is almost dead.
An endoplasm comes into view.
The orc hits you but does no damage. x2
The orc priest invokes the aid of Beogh against you.
Beogh smites you!
Ouch! That really hurt!
You die...

##PP. ##.###
#######.## ##.##
.........####.##
...........#>##
.............#
.............#
.............##
..............##
.:...!.@o......#
......ooo........#
.......)oo......##
....%..o......###
..............#
..............#
......>.......#
..........J...#


You could see an orc priest, 6 orcs and an endoplasm (wandering).

Vanquished Creatures
  Jessica (D:3)
  Ijyb (D:3)
  Terence (D:3)
  Robin (D:2)
  3 adders
  A dart slug (D:1)
  2 orcs (D:4)
  2 ball pythons
  5 endoplasms
  4 giant cockroaches
  15 goblins
  5 hobgoblins (D:2)
  4 quokkas
  5 bats
  4 frilled lizards
  9 kobolds
  4 rats
67 creatures vanquished.

Notes
Turn   | Place    | Note
-------+----------+-------------------------------------------
     0 | D:1      | qw the Gargoyle Hunter began the quest for the Orb.
     0 | D:1      | Reached XP level 1. HP: 12/12 MP: 1/1
     0 | D:1      | 0 ||| qw: Version: 0.3-a-76-g4403597
     0 | D:1      | 0 ||| qw: Game counter: 587
     0 | D:1      | 0 ||| qw: Melee chars always use a shield: true
     0 | D:1      | 0 ||| qw: God list: Okawaru
     0 | D:1      | 0 ||| qw: Allow faded altars: false
     0 | D:1      | 0 ||| qw: Do Orc after clearing Dungeon:15 true
     0 | D:1      | 0 ||| qw: Do second Lair branch before Depths: true
     0 | D:1      | 0 ||| qw: Lair rune preference: random
     0 | D:1      | 0 ||| qw: Goals: Normal
     0 | D:1      | 0 ||| PLANNING D:1-11
   304 | D:1      | Reached XP level 2. HP: 13/17 MP: 2/2
   486 | D:1      | 486 ||| UPGRADING to amulet of faith.
   491 | D:1      | 491 ||| DROPPING ring of flight.
   492 | D:1      | 492 ||| READING scroll labelled POCONU ROIPRARPH.
   493 | D:1      | 493 ||| READING scroll labelled VOIS ASCHYCK.
   494 | D:1      | 494 ||| DROPPING scroll of butterflies.
   516 | D:2      | 516 ||| STAIRDANCE
   521 | D:2      | 521 ||| STAIRDANCE
   537 | D:2      | 537 ||| FLEEEEING.
   538 | D:2      | 538 ||| FLEEEEING.
   539 | D:2      | 539 ||| FLEEEEING.
   540 | D:2      | 540 ||| STAIRDANCE
   561 | D:2      | 561 ||| STAIRDANCE
   615 | D:2      | 615 ||| STAIRDANCE
   635 | D:2      | 635 ||| STAIRDANCE
   668 | D:2      | 668 ||| STAIRDANCE
   686 | D:2      | 686 ||| STAIRDANCE
   733 | D:2      | 733 ||| STAIRDANCE
   740 | D:2      | 740 ||| STAIRDANCE
   766 | D:2      | Found Aluddidi's Weapon Shop.
   834 | D:2      | Reached XP level 3. HP: 21/21 MP: 3/3
   835 | D:2      | Noticed Robin
   843 | D:2      | Reached skill level 5 in Ranged Weapons
   846 | D:2      | Killed Robin
   855 | D:2      | HP: 3/22 [goblin/+0 club[Robin] (4)]
   860 | D:2      | Reached skill level 3 in Fighting
   912 | D:2      | 912 ||| FLEEEEING.
   913 | D:2      | 913 ||| FLEEEEING.
   914 | D:2      | 914 ||| FLEEEEING.
   917 | D:2      | 917 ||| FLEEEEING.
   918 | D:2      | 918 ||| FLEEEEING.
   919 | D:2      | 919 ||| FLEEEEING.
   920 | D:2      | 920 ||| FLEEEEING.
   921 | D:2      | 921 ||| FLEEEEING.
   922 | D:2      | 922 ||| FLEEEEING.
   923 | D:2      | 923 ||| FLEEEEING.
   924 | D:2      | 924 ||| FLEEEEING.
   925 | D:2      | 925 ||| FLEEEEING.
   926 | D:2      | 926 ||| FLEEEEING.
   927 | D:2      | 927 ||| FLEEEEING.
   928 | D:2      | 928 ||| FLEEEEING.
   928 | D:2      | Found a faded altar of an unknown god.
   929 | D:2      | 929 ||| FLEEEEING.
   930 | D:2      | 930 ||| FLEEEEING.
   931 | D:2      | 931 ||| FLEEEEING.
   932 | D:2      | 932 ||| STAIRDANCE
   941 | D:1      | 941 ||| UPGRADING to +0 ring mail.
   951 | D:1      | 951 ||| DROPPING +0 leather armour.
   952 | D:1      | 952 ||| DRINKING 2 clear potions.
  1030 | D:2      | Reached XP level 4. HP: 28/28 MP: 4/4
  1114 | D:2      | Reached skill level 1 in Armour
  1234 | D:2      | 1234 ||| UPGRADING to +2 helmet.
  1239 | D:2      | 1239 ||| READING scroll labelled TOSHRO DEOCOILA.
  1240 | D:2      | 1240 ||| READING 2 scrolls labelled EDGHAL BO NOF.
  1243 | D:2      | 1243 ||| READING scroll labelled XUNUTI PUPTINY.
  1244 | D:2      | 1244 ||| READING scroll labelled VEUREGH ECVE.
  1245 | D:2      | 1245 ||| READING scroll labelled AKAEC ED SYRE.
  1390 | D:3      | Noticed Terence
  1396 | D:3      | Killed Terence
  1500 | D:3      | Noticed Ijyb
  1505 | D:3      | 1505 ||| DRINKING potion of curing.
  1505 | D:3      | 1505 ||| (to cure confusion)
  1531 | D:3      | Killed Ijyb
  1532 | D:3      | Reached XP level 5. HP: 20/32 MP: 5/5
  1617 | D:3      | Found Zobby's Assorted Antiques.
  1626 | D:3      | 1626 ||| SHOPLISTING jade ring (100 gold, have 88).
  1626 | D:3      | 1626 ||| BUYING potion of curing (60 gold).
  1626 | D:3      | Bought a potion of curing for 60 gold pieces
  1626 | D:3      | 1626 ||| BUYING scroll labelled CISO XEIJAI (20 gold).
  1626 | D:3      | Bought a scroll labelled CISO XEIJAI for 20 gold pieces
  1626 | D:3      | 1626 ||| SHOPLISTING scroll of enchant armour (150 gold,
                  | have 8).
  1626 | D:3      | 1626 ||| SHOPLISTING sedimented purple potion (18 gold,
                  | have 8).
  1727 | D:3      | Noticed Jessica
  1729 | D:3      | Killed Jessica
  1730 | D:3      | Reached skill level 6 in Ranged Weapons
  1807 | D:3      | 1807 ||| SWAPPING to +0 arbalest.
  1815 | D:3      | 1815 ||| DROPPING +0 shortbow.
  2103 | D:3      | 2103 ||| READING 3 scrolls labelled CISO XEIJAI.
  2104 | D:3      | 2104 ||| DRINKING 2 fizzy white potions.
  2105 | D:3      | 2105 ||| READING 2 scrolls of identify.
  2105 | D:3      | 2105 ||| IDENTIFYING metallic purple potion
  2120 | D:4      | Found a hazy altar of Hepliaklqana.
  2183 | D:4      | Killed from afar by an orc priest

Levels and vault maps discovered:
D:1:      dpeg_arrival_simpleton_a, layout_basic
D:2:      layout_rooms, serial_shops, nicolae_shop_tiny_glass,
          ebering_ecumenical_altar_petrified, uniq_robin
D:3:      cheibrodos_old_hovel, layout_basic, serial_shops, shop, uniq_terence,
          uniq_ijyb, uniq_jessica
D:4:      layout_layer_cave, nicolae_hepliaklqana_hazy_memory

Skill      XL: |  1  2  3  4  5 |
---------------+----------------+-----
Ranged Weapons | 5 6 |  6.1
Fighting       | 3 |  3.4
Armour         | 1 |  1.0
Dodging        | |  1.5
Stealth        | |  1.1

Action                     |  1- 3 |  4- 6 || total
---------------------------+-------+-------++-------
   Fire: Shortbow          |   122 |    73 ||   195
         Arbalest          |       |    27 ||    27
    Use: Scroll            |     2 |     7 ||     9
         Potion            |     1 |     2 ||     3
 Armour: Leather armour    |    54 |       ||    54
         Ring mail         |     4 |    27 ||    31
  Dodge: Dodged            |    45 |    44 ||    89

Table legend:
 A = Non-vault XP
 B = Vault XP
 C = Vault XP percentage of total XP
 D = Non-vault monster count
 E = Vault monster count
 F = Vault count percentage of total count
                 A         B        C        D         E       F
            +---------+---------+-------+---------+---------+-------
      Total |     122 |     145 |  54.3 |      52 |      15 |  22.4
            +---------+---------+-------+---------+---------+-------
        D:1 |      23 |       0 |   0.0 |      14 |       0 |   0.0
        D:2 |      32 |      35 |  52.2 |      19 |      11 |  36.7
        D:3 |      30 |     110 |  78.6 |      12 |       4 |  25.0
        D:4 |      37 |       0 |   0.0 |       7 |       0 |   0.0
            +---------+---------+-------+---------+---------+-------
